 Dungeon Crawl Stone Soup version 0.28-a0-1518-gbe868bca14 (webtiles) character file.

Game seed: 6530331469034081160

4399 comborobin the Covert (level 10, -7/86 HPs)
             Began as a Gnoll Brigand on Jan 17, 2022.
             Was a Believer of Cheibriados.
             Mangled by Grum (17 damage)
             ... on level 9 of the Dungeon.
             The game lasted 00:15:20 (11454 turns).

comborobin the Covert (Gnoll Brigand)              Turns: 11454, Time: 00:15:21

Health: -7/86      AC:  7    Str: 21    XL:     10   Next: 35%
Magic:  17/17      EV: 15    Int: 25    God:    Cheibriados [**....]
Gold:   575        SH:  6    Dex: 17    Spells: 7/19 levels left

rFire   + . .      SeeInvis .   S - +6 scimitar of Vuruv {freeze, Str+4}
rCold   . . .      Faith    .   Q - +0 buckler
rNeg    . . .      Spirit   .   y - +0 robe {rF+}
rPois   .          Reflect  .   t - +0 helmet
rElec   .          Harm     .   c - +1 cloak
rCorr   .          Rampage  .   (no gloves)
Will    +....                   O - +0 pair of boots
Stlth   ++++......              s - amulet of magic regeneration
HPRegen 0.24/turn               g - ring of wizardry
MPRegen 0.55/turn               v - +6 ring of intelligence

@: brilliant, about to teleport, mesmerised, very slow
A: fangs 1, strong nose, distributed training, strong-willed 1, robust 1, strong
1
a: Renounce Religion, Bend Time


You were on level 9 of the Dungeon.
You worshipped Cheibriados.
Cheibriados was pleased with you.
You visited 2 branches of the dungeon, and saw 10 of its levels.

You collected 575 gold pieces.

Inventory:

Hand Weapons
 a - a +2 dagger of electrocution
 n - a +2 dagger
 I - a +0 hand crossbow
 S - the +6 scimitar of Vuruv (weapon) {freeze, Str+4}
   (You found it on level 9 of the Dungeon)

   It freezes those it strikes, dealing additional cold damage.
   It can also slow down cold-blooded creatures.
   Str:       It affects your strength (+4).
Missiles
 d - 30 poisoned darts (quivered)
 e - 3 curare-tipped darts
 j - 6 boomerangs
 m - 250 stones
 p - 5 atropa-tipped darts
 J - 77 bolts
Armour
 b - a +0 robe
 c - a +1 cloak (worn)
 t - a +0 helmet (worn)
 y - a +0 robe of fire resistance (worn)
 O - a +0 pair of boots (worn)
 Q - a +0 buckler (worn)
Magical Staves
 D - a staff of fire
Jewellery
 g - a ring of wizardry (left hand)
 i - an amulet of the acrobat
 r - a ring of resist corrosion
 s - an amulet of magic regeneration (around neck)
 u - a ring of ice
 v - a +6 ring of intelligence (right hand)
 C - a ring of fire
 E - an amulet of guardian spirit
 F - an amulet of reflection
 K - a +4 ring of protection
 N - a ring of flight
Wands
 o - a wand of polymorph (2)
 A - a wand of flame (6)
 M - a wand of digging (5)
 P - a wand of acid (7)
 R - a wand of iceblast (13)
Scrolls
 k - a scroll of magic mapping
 l - a scroll of enchant armour
 q - a scroll of teleportation
 z - 9 scrolls of identify
 G - a scroll of amnesia {unknown}
 L - a scroll of blinking
Potions
 f - 3 potions of curing
 x - a potion of resistance
 B - a potion of ambrosia


   Skills:
 + Level 7.0 Fighting
 + Level 7.0 Short Blades
 + Level 5.2 Long Blades
 + Level 5.2 Axes
 + Level 5.2 Maces & Flails
 + Level 5.2 Polearms
 + Level 5.2 Staves
 + Level 5.2 Slings
 + Level 5.2 Bows
 + Level 5.2 Crossbows
 + Level 7.0 Throwing
 + Level 5.2 Armour
 + Level 5.9 Dodging
 + Level 9.4 Stealth
 + Level 5.2 Shields
 + Level 5.2 Unarmed Combat
 + Level 5.2 Spellcasting
 + Level 4.3 Conjurations
 + Level 4.3 Hexes
 + Level 4.3 Summonings
 + Level 4.3 Necromancy
 + Level 4.3 Translocations
 + Level 4.3 Transmutations
 + Level 4.3 Fire Magic
 + Level 4.3 Ice Magic
 + Level 4.3 Air Magic
 + Level 4.3 Earth Magic
 + Level 4.3 Poison Magic
 + Level 5.7 Invocations
 + Level 5.2 Evocations


You had 7 spell levels left.
You knew the following spells:

 Your Spells              Type           Power      Damage    Failure   Level
a - Sandblast             Erth           84%        2d18      1%          1
b - Static Discharge      Conj/Air       42%        N/A       1%          2
c - Dispel Undead         Necr           42%        3d17      7%          4
n - Vampiric Draining     Necr           42%        2d9       2%          3
w - Passwall              Tmut/Erth      35%        N/A       1%          2

Your spell library contained the following spells:

 Spells                   Type           Power      Damage    Failure   Level
 Slow                     Hex            100%       N/A       1%          1
 Confusing Touch          Hex            42%        N/A       2%          3
 Stone Arrow              Conj/Erth      84%        3d12      2%          3
 Animate Dead             Necr           21%        N/A       7%          4
 Sticky Flame             Conj/Fire      42%        2d6       7%          4
 Haunt                    Necr/Summ      21%        N/A       99%         7
 Infestation              Necr           21%        N/A       100%        8


Dungeon Overview and Level Annotations

Branches:
Dungeon (9/15)             Temple (1/1) D:5            Lair (0/6) D:9
    Orc: D:9-12

Altars:
Ashenzari
Cheibriados
Elyvilon
Fedhas
Gozag
Hepliaklqana
Kikubaaqudgha
Makhleb
Nemelex Xobeh
Okawaru
Qazlal
Ru
Sif Muna
Trog
Vehumet
Wu Jian
Xom
Yredelemnul
Zin
The Shining One

Shops:
D:1 !   D:5 *

Annotations:
D:9 Grum, Maggie


Innate Abilities, Weirdness & Mutations

You have very sharp teeth.
Your uncanny sense of smell can sniff out nearby items.
Your experience applies equally to all skills.
You are strong-willed. (Will+)
You are robust. (+10% HP)
Your muscles are strong. (Str +2)


Message History

You are struck by an arc of lightning.
Maggie is struck by an arc of lightning.
Maggie is moderately wounded.
The lightning grounds out.
Grum hits you from afar with a -2 spear! x2
Maggie misses you.
Unknown command.
Unknown command.
Unknown command.
Casting: Static Discharge (safe; 1% risk of failure)
Confirm with . or Enter, or press ? or * to list all spells.
You feel a surge of power!
Maggie is struck by an arc of lightning!
Maggie is heavily wounded.
The lightning grounds out.
Grum hits you from afar with a -2 spear!!
* * * LOW HITPOINT WARNING * * *
You block Maggie's attack.
Unknown command.
Blink to where?
Press: ? - help, Dir - move target You cannot blink away from Maggie!
Blink to where?
Press: ? - help, Dir - move target, f - you
Okay, then.
Unknown command.
As you read the scroll of teleportation, it crumbles to dust.
You feel strangely unstable.
Grum hits you from afar with a -2 spear.
* * * LOW HITPOINT WARNING * * *
Maggie completely misses you.
Grum hits you from afar with a -2 spear.
* * * LOW HITPOINT WARNING * * *
You feel much better. Grum closely misses you. Maggie closely misses you.
You hit Maggie. You freeze Maggie.
Maggie is heavily wounded.
Grum hits you from afar with a -2 spear!
* * * LOW HITPOINT WARNING * * *
Grum hits you from afar with a -2 spear!
You die...

############
#..........###
#.............
#######...###'###...
#..@......##...##...
......†@########.#.##...
.....g... #.#.#####
.......... #.#.#
........... ##.#.## #
........#### ##..#..## #
........# ##..###..###
........# ##....#....##
#...........#


You could see Maggie (mesmerising) and Grum (berserk).

Vanquished Creatures
  The ghost of ytrimaz the Slicer, a novice DsFi (D:8)
  Sigmund (D:2)
  A wraith (D:8)
  A basilisk (D:9)
  A steam dragon (D:8)
  2 black bears (D:8)
  3 orc warriors
  3 sky beasts (D:7)
  4 ogres
  4 wolves (D:9)
  2 phantoms
  4 centaurs
  4 kobold brigands
  A bullfrog (D:4)
  A water moccasin zombie (D:5)
  A wyvern zombie (D:6)
  A scorpion (D:5)
  2 water moccasin skeletons
  A howler monkey (D:6)
  A bullfrog zombie (D:6)
  2 orc priests
  2 gnoll shamans
  A hound (D:7)
  A jelly (D:6)
  Crazy Yiuf (D:2)
  A centaur skeleton (D:4)
  3 iguanas
  5 orc wizards
  12 gnolls
  6 adders
  2 ufetubi (D:7)
  3 worms (D:2)
  2 dart slugs
  19 orcs
  6 bats
  8 endoplasms
  2 giant cockroaches
  6 goblins
  3 hobgoblins
  7 jackals (D:3)
  3 quokkas
  6 ball pythons
  2 frilled lizards (D:1)
  19 kobolds
  4 rats
  A bush (D:5)
166 creatures vanquished.

Vanquished Creatures (others)
  An orc (D:8)
  A plant (D:6)
2 creatures vanquished.

Grand Total: 168 creatures vanquished

Notes
Turn   | Place    | Note
-------+----------+-------------------------------------------
     0 | D:1      | comborobin the Gnoll Brigand began the quest for the Orb.
     0 | D:1      | Reached XP level 1. HP: 20/20 MP: 1/1
   204 | D:1      | Reached XP level 2. HP: 26/26 MP: 2/2
   249 | D:1      | Found Piamp's Distillery.
   912 | D:2      | Reached XP level 3. HP: 28/31 MP: 3/3
   942 | D:2      | Noticed Sigmund
   957 | D:2      | Killed Sigmund
   958 | D:2      | Reached skill level 1 in Long Blades
   958 | D:2      | Reached skill level 1 in Axes
   958 | D:2      | Reached skill level 1 in Maces & Flails
   958 | D:2      | Reached skill level 1 in Polearms
   958 | D:2      | Reached skill level 1 in Staves
   958 | D:2      | Reached skill level 1 in Slings
   958 | D:2      | Reached skill level 1 in Bows
   958 | D:2      | Reached skill level 1 in Crossbows
   958 | D:2      | Reached skill level 1 in Armour
   958 | D:2      | Reached skill level 1 in Shields
   958 | D:2      | Reached skill level 1 in Unarmed Combat
   958 | D:2      | Reached skill level 1 in Spellcasting
   958 | D:2      | Reached skill level 1 in Conjurations
   958 | D:2      | Reached skill level 1 in Hexes
   958 | D:2      | Reached skill level 1 in Summonings
   958 | D:2      | Reached skill level 1 in Necromancy
   958 | D:2      | Reached skill level 1 in Translocations
   958 | D:2      | Reached skill level 1 in Transmutations
   958 | D:2      | Reached skill level 1 in Fire Magic
   958 | D:2      | Reached skill level 1 in Ice Magic
   958 | D:2      | Reached skill level 1 in Air Magic
   958 | D:2      | Reached skill level 1 in Earth Magic
   958 | D:2      | Reached skill level 1 in Poison Magic
   958 | D:2      | Reached skill level 1 in Invocations
   958 | D:2      | Reached skill level 1 in Evocations
   958 | D:2      | Reached XP level 4. HP: 23/38 MP: 3/6
   958 | D:2      | Reached XP level 5. HP: 26/43 MP: 3/7
  1111 | D:2      | Found a faded altar of an unknown god.
  1135 | D:2      | Found a sacrificial altar of Ru.
  1416 | D:2      | Reached skill level 8 in Stealth
  1995 | D:2      | Found a runed translucent door.
  1996 | D:2      | Noticed Crazy Yiuf
  2164 | D:3      | Reached XP level 6. HP: 46/50 MP: 8/8
  3009 | D:3      | Found a basalt altar of Yredelemnul.
  3016 | D:3      | Reached skill level 5 in Fighting
  3016 | D:3      | Reached skill level 5 in Short Blades
  3016 | D:3      | Reached skill level 5 in Throwing
  3736 | D:4      | Reached XP level 7. HP: 53/56 MP: 10/10
  4527 | D:5      | Entered Level 5 of the Dungeon
  4560 | D:5      | Found Joij's Mass Market.
  4604 | D:5      | Reached XP level 8. HP: 35/63 MP: 12/12
  5453 | D:5      | Found a hazy altar of Hepliaklqana.
  5484 | D:5      | Found a staircase to the Ecumenical Temple.
  5497 | Temple   | Entered the Ecumenical Temple
  5556 | Temple   | Became a worshipper of Cheibriados the Contemplative
  6235 | D:5      | Learned a level 1 spell: Sandblast
  6429 | D:2      | Killed Crazy Yiuf
  7354 | D:6      | Found a radiant altar of Vehumet.
  7860 | D:6      | Reached * piety under Cheibriados
  7964 | D:6      | Learned a level 3 spell: Vampiric Draining
  8012 | D:7      | Reached XP level 9. HP: 59/69 MP: 3/14
  8026 | D:7      | Learned a level 2 spell: Static Discharge
  8569 | D:7      | Reached skill level 5 in Dodging
  8820 | D:7      | Reached skill level 9 in Stealth
  9908 | D:8      | Reached skill level 5 in Invocations
 10324 | D:8      | Found a large runed translucent door.
 10324 | D:8      | Found a large runed translucent door.
 10328 | D:8      | Noticed ytrimaz's ghost (novice DsFi)
 10491 | D:8      | Found a bloodstained altar of Trog.
 10834 | D:8      | Noticed Psyche
 10839 | D:8      | Noticed Psyche
 10839 | D:8      | Psyche changed into Psyche the ogre
 10854 | D:8      | Killed Psyche the ogre
 10855 | D:8      | Reached XP level 10. HP: 64/77 MP: 17/17
 10919 | D:8      | Found an ancient bone altar of Kikubaaqudgha.
 11052 | D:8      | Learned a level 4 spell: Dispel Undead
 11064 | D:8      | Killed ytrimaz's ghost
 11065 | D:8      | Reached skill level 5 in Long Blades
 11065 | D:8      | Reached skill level 5 in Axes
 11065 | D:8      | Reached skill level 5 in Maces & Flails
 11065 | D:8      | Reached skill level 5 in Polearms
 11065 | D:8      | Reached skill level 5 in Staves
 11065 | D:8      | Reached skill level 5 in Slings
 11065 | D:8      | Reached skill level 5 in Bows
 11065 | D:8      | Reached skill level 5 in Crossbows
 11065 | D:8      | Reached skill level 5 in Armour
 11065 | D:8      | Reached skill level 5 in Shields
 11065 | D:8      | Reached skill level 5 in Unarmed Combat
 11065 | D:8      | Reached skill level 5 in Spellcasting
 11065 | D:8      | Reached skill level 5 in Evocations
 11204 | D:9      | Found a staircase to the Lair.
 11343 | D:9      | Learned a level 2 spell: Passwall
 11348 | D:9      | Reached ** piety under Cheibriados
 11408 | D:9      | Found a glowing golden altar of the Shining One.
 11428 | D:9      | Identified the +6 scimitar of Vuruv {freeze, Str+4}
 11441 | D:9      | Noticed Grum
 11442 | D:9      | Noticed Maggie
 11449 | D:9      | Gained mutation: You are strong-willed. (Will+) [potion of
                  | mutation]
 11449 | D:9      | Gained mutation: Your muscles are strong. (Str +2) [potion
                  | of mutation]
 11449 | D:9      | Gained mutation: You are robust. (+10% HP) [potion of
                  | mutation]
 11454 | D:9      | Mangled by Grum

Illustrated notes

Levels and vault maps discovered:
D:1:      shiori_arrival_oz, layout_loops_ring, serial_shops, shop,
          minmay_tromino_v4_a
D:2:      layout_loops_corners, basic_altar,
          hellmonk_ecumenical_altar_slurped_away, uniq_sigmund,
          uniq_crazy_yiuf_cottage
D:3:      layout_basic, lemuel_round_altar
D:4:      layout_gridville, serial_rivers, chequers_serial_rivers_micro_e,
          chequers_serial_rivers_marsh, chequers_serial_rivers_small_b,
          chequers_serial_rivers_micro_c, chequers_serial_rivers_large_b
D:5:      minmay_angry_zag, layout_rooms, mainiacjoe_overflow_small_starburst,
          minmay_temple_entry_mini_moons, kb_lookout_dungeons_type,
          minmay_shop_mass
D:6:      layout_rooms, mainiacjoe_overflow_chevrons, serial_corexii_hall,
          corexii_hall_statues_s, chequers_hall_statues_corner_a,
          minmay_misc_feat_chi, hex_medium
D:7:      layout_rooms
D:8:      black_bear_nest_1, layout_loops_ring, mainiacjoe_overflow_brackets,
          kiku_gazebo_garden_becter, ebering_ghost_disaster_area, minivault_27,
          uniq_psyche
D:9:      layout_basic, nicolae_tso_swordbearing_angel, lemuel_crystal_altar,
          lair_entry_dummy, serial_shops, kennysheep_mini_moat,
          minmay_microvault, uniq_maggie, uniq_grum
Temple:   eino_temple_water

Skill      XL: |  1  2  3  4  5  6  7  8  9 10 |
---------------+-------------------------------+-----
Long Blades    | 1 2 3 4 5 |  5.2
Axes           | 1 2 3 4 5 |  5.2
Maces & Flails | 1 2 3 4 5 |  5.2
Polearms       | 1 2 3 4 5 |  5.2
Staves         | 1 2 3 4 5 |  5.2
Slings         | 1 2 3 4 5 |  5.2
Bows           | 1 2 3 4 5 |  5.2
Crossbows      | 1 2 3 4 5 |  5.2
Armour         | 1 2 3 4 5 |  5.2
Dodging        | 3 4 5 |  5.9
Shields        | 1 2 3 4 5 |  5.2
Unarmed Combat | 1 2 3 4 5 |  5.2
Spellcasting   | 1 2 3 4 5 |  5.2
Conjurations   | 1 2 3 4 |  4.3
Hexes          | 1 2 3 4 |  4.3
Summonings     | 1 2 3 4 |  4.3
Necromancy     | 1 2 3 4 |  4.3
Translocations | 1 2 3 4 |  4.3
Transmutations | 1 2 3 4 |  4.3
Fire Magic     | 1 2 3 4 |  4.3
Ice Magic      | 1 2 3 4 |  4.3
Air Magic      | 1 2 3 4 |  4.3
Earth Magic    | 1 2 3 4 |  4.3
Poison Magic   | 1 2 3 4 |  4.3
Invocations    | 1 2 3 4 5 |  5.7
Evocations     | 1 2 3 4 5 |  5.2
Stealth        | 8 9 |  9.4
Fighting       | 5 6 7 |  7.0
Short Blades   | 5 6 7 |  7.0
Throwing       | 5 6 7 |  7.0

Action                   |  1- 3 |  4- 6 |  7- 9 | 10-12 || total
-------------------------+-------+-------+-------+-------++-------
Melee: Dagger            |    38 |   162 |   315 |     9 ||   524
       Bite              |     1 |    15 |    49 |     1 ||    66
       Punch             |       |     2 |    11 |       ||    13
       Scimitar          |       |       |       |     1 ||     1
Throw: Dart              |     7 |       |    58 |    10 ||    75
       Stone             |       |     2 |       |       ||     2
       Boomerang         |       |     2 |     1 |       ||     3
 Cast: Vampiric Draining |       |       |    12 |       ||    12
       Static Discharge  |       |       |    17 |     8 ||    25
       Sandblast         |       |       |     9 |     3 ||    12
       Dispel Undead     |       |       |       |     4 ||     4
       Passwall          |       |       |       |     1 ||     1
Evoke: Wand              |       |       |     5 |       ||     5
  Use: Potion            |     1 |     3 |     3 |     4 ||    11
       Scroll            |       |     8 |     4 |     1 ||    13
 Stab: Sleeping          |    13 |     8 |     7 |       ||    28
       Distracted        |       |     1 |     1 |       ||     2
Armor: Robe              |     2 |    30 |    64 |     5 ||   101
Dodge: Dodged            |    11 |   100 |   168 |    19 ||   298
Block: Buckler           |       |       |       |     7 ||     7

Table legend: (Time is in decaauts)
 A = Elapsed time spent in this place.
 B = Non-inter-level travel time spent in this place.
 C = Inter-level travel time spent in this place.
 D = Time resting spent in this place.
 E = Time spent auto-exploring this place.
 F = Levels seen in this place.
 G = Mean time per level.
                   A        B        C        D        E       F      G
               +--------+--------+--------+--------+--------+-----+--------+
         Total |  12586 |  11259 |   1327 |   2258 |   7179 |  10 | 1258.6 |
       Dungeon |  12505 |  11199 |   1306 |   2258 |   7145 |   9 | 1389.4 |
        Temple |     81 |     60 |     21 |      0 |     34 |   1 |   81.0 |
               +--------+--------+--------+--------+--------+-----+--------+

Top non-repeatable levels by time:
     D:5: 2150 daAuts
     D:2: 2057 daAuts
     D:8: 1767 daAuts
     D:7: 1515 daAuts
     D:6: 1342 daAuts
     D:4: 1197 daAuts
     D:3: 1146 daAuts
     D:1: 1031 daAuts
     D:9: 297 daAuts
  Temple: 81 daAuts
